 Dungeon Crawl Stone Soup version 0.28.0-45-g0d030f2227 (webtiles) character file.

Game seed: 16127570771511376879

555 Ablot the Grasshopper (level 7, -3/84 HPs)
             Began as a Gnoll Warper on Apr 8, 2022.
             Slain by Menkaure (21 damage)
             ... on level 4 of the Dungeon.
             The game lasted 00:05:34 (4962 turns).

Ablot the Grasshopper (Gnoll Warper)                Turns: 4962, Time: 00:05:34

Health: -3/84      AC:  7    Str: 18    XL:     7   Next: 30%
Magic:  15/15      EV: 13    Int: 13    God:
Gold:   147        SH:  0    Dex: 11    Spells: 15/17 levels left

rFire   . . .      SeeInvis .   a - +0 trident
rCold   + . .      Faith    .   (no shield)
rNeg    . . .      Spirit   .   u - +2 robe {Will+}
rPois   .          Reflect  .   p - +1 hat
rElec   .          Harm     .   (no cloak)
rCorr   .          Rampage  .   C - +0 pair of gloves
Will    +....                   z - +0 pair of boots
Stlth   ..........              (no amulet)
HPRegen 0.24/turn               A - +6 ring of strength
MPRegen 0.14/turn               t - ring of protection from cold

@: berserking, very quick
A: fangs 1, strong nose, distributed training
a: no special abilities


You were on level 4 of the Dungeon.
You visited 1 branch of the dungeon, and saw 5 of its levels.

You collected 185 gold pieces.
You spent 38 gold pieces at shops.

Inventory:

Hand Weapons
 a - a +0 trident (weapon)
 b - a +3 short sword
Missiles
 d - 5 boomerangs of dispersal
 e - 5 boomerangs (quivered)
 f - 155 stones
 h - 55 sling bullets
 i - 71 bolts
 y - 2 poisoned darts
Armour
 p - a +1 hat (worn)
 u - a +2 robe of willpower (worn)
 z - a +0 pair of boots (worn)
 C - a +0 pair of gloves (worn)
Jewellery
 t - a ring of protection from cold (right hand)
 A - a +6 ring of strength (left hand)
Wands
 s - a wand of iceblast (23)
Scrolls
 c - a scroll of blinking
 l - a scroll of enchant armour {unknown}
 m - a scroll of fog {unknown}
 o - a scroll of magic mapping {unknown}
 r - a scroll of immolation {unknown}
 x - a scroll of brand weapon {unknown}
 B - a scroll of identify {unknown}
Potions
 g - a potion of curing
 j - 2 potions of haste {unknown}
 k - a potion of berserk rage
 n - a potion of might {unknown}
 q - a potion of brilliance {unknown}
 v - a potion of mutation {unknown}
 w - a potion of flight {unknown}


   Skills:
 + Level 5.2 Fighting
 + Level 2.4 Short Blades
 + Level 2.4 Long Blades
 + Level 2.4 Axes
 + Level 2.4 Maces & Flails
 + Level 5.2 Polearms
 + Level 2.4 Staves
 + Level 2.4 Slings
 + Level 2.4 Bows
 + Level 2.4 Crossbows
 + Level 3.5 Throwing
 + Level 3.5 Armour
 + Level 5.2 Dodging
 + Level 2.4 Stealth
 + Level 2.4 Shields
 + Level 2.4 Unarmed Combat
 + Level 5.6 Spellcasting
 + Level 2.0 Conjurations
 + Level 2.0 Hexes
 + Level 2.0 Summonings
 + Level 2.0 Necromancy
 + Level 5.8 Translocations
 + Level 2.0 Transmutations
 + Level 2.0 Fire Magic
 + Level 2.0 Ice Magic
 + Level 2.0 Air Magic
 + Level 2.0 Earth Magic
 + Level 2.0 Poison Magic
 + Level 2.6 Invocations
 + Level 2.4 Evocations


You had 15 spell levels left.
You knew the following spells:

 Your Spells              Type           Power      Damage    Failure   Level
a - Blink                 Tloc           36%        N/A       2%          2

Your spell library contained the following spells:

 Spells                   Type           Power      Damage    Failure   Level
 Gell's Gravitas          Tloc           18%        N/A       4%          3
 Lesser Beckoning         Tloc           18%        N/A       4%          3
 Teleport Other           Tloc           18%        N/A       4%          3
 Magic Dart               Conj           32%        1d4       8%          1
 Searing Ray              Conj           16%        2d5       12%         2
 Manifold Assault         Tloc           18%        N/A       41%         5
 Fulminant Prism          Conj/Hex       4%         3d6       61%         4


Dungeon Overview and Level Annotations

Branches:
Dungeon (5/15)
 Temple: D:4-7

Altars:
Sif Muna
Wu Jian

Shops:
D:3 (

Annotations:
D:4 Edmund, Menkaure


Innate Abilities, Weirdness & Mutations

You have very sharp teeth.
Your uncanny sense of smell can sniff out nearby items.
Your experience applies equally to all skills.


Message History

There is a stone staircase leading up here.
You hear the slow hiss of a distant avalanche of sand.
You climb upwards.
Level annotation: Edmund
There is a stone staircase leading down here.
You see here a +0 ring mail.
There is an open door here.
There is a stone staircase leading down here.
You climb downwards.
You hear the hiss of flowing sand.
There is an entrance to an ossuary on this level.
Hurry and find it before the portal is buried!
Found a Trismegistus Codex and a dagger.
There is a stone staircase leading up here.
You barely miss Menkaure.
Menkaure calls on the powers of darkness!
Your body is wracked with pain!
Unknown command.
You hear the slow hiss of an avalanche of sand very nearby.
You climb upwards.
Level annotation: Edmund
There is a stone staircase leading down here.
Okay, then.
A red film seems to cover your vision as you go berserk!
You feel yourself moving faster!
You feel mighty!
Menkaure points at you and mumbles some strange words.
You resist with some effort.
You barely miss Menkaure. You bite Menkaure.
Menkaure is lightly damaged.
Menkaure hits you!
* * * LOW HITPOINT WARNING * * *
You hit Menkaure.
Menkaure is moderately damaged.
You barely miss Menkaure.
Menkaure is moderately damaged.
Menkaure hits you.
* * * LOW HITPOINT WARNING * * *
You hit Menkaure.
Menkaure is severely damaged.
Menkaure hits you!!
You die...

.##########
#..#.##.....'.....[..
.#
##.#.##.....########.
.#
#.#.#####'#.......#.
## #...# #.#.#...#.#.
######## ##..#
#.#.#<#.#.#. .......#
#..# #.#.###.#.#.
.......# #..#
#.#.....#.#. .......#
#.M#####.#.#####.#.
.......# ##@....#.###
#.#. .......#
#####.#.# #.#.
.......# #.#.# #.#.
.......#
#.#.#######.#.
.......#
#.#.........#.
.......#
#.###########.
.......#
#.............
.......#
##############
....)..#
#.....#.....#


You could see Menkaure.

Vanquished Creatures
  Sigmund (D:3)
  An ice beast (D:4)
  2 scorpions (D:4)
  A water moccasin zombie (D:5)
  An orc priest (D:3)
  A hound (D:4)
  An adder (D:4)
  2 dart slugs (D:4)
  5 orcs
  5 endoplasms
  A giant cockroach (D:2)
  6 goblins
  3 hobgoblins
  3 jackals (D:1)
  6 kobolds
  7 ball pythons
  4 bats
  4 frilled lizards
  6 rats
60 creatures vanquished.

Notes
Turn   | Place    | Note
-------+----------+-------------------------------------------
     0 | D:1      | Ablot the Gnoll Warper began the quest for the Orb.
     0 | D:1      | Reached XP level 1. HP: 20/20 MP: 6/6
   454 | D:1      | Reached XP level 2. HP: 26/26 MP: 7/7
   457 | D:1      | Learned a level 2 spell: Blink
  1369 | D:1      | Reached XP level 3. HP: 31/31 MP: 9/9
  1560 | D:2      | Reached skill level 5 in Spellcasting
  1583 | D:2      | Found a faded altar of an unknown god.
  2233 | D:3      | Noticed Sigmund
  2503 | D:3      | Reached skill level 1 in Invocations
  2722 | D:3      | Found Koehic's Weapon Shop.
  2725 | D:3      | Bought a +0 trident for 38 gold pieces
  2991 | D:3      | Found an ornate altar of the Wu Jian Council.
  3101 | D:3      | Killed Sigmund
  3102 | D:3      | Reached skill level 1 in Short Blades
  3102 | D:3      | Reached skill level 1 in Long Blades
  3102 | D:3      | Reached skill level 1 in Axes
  3102 | D:3      | Reached skill level 1 in Maces & Flails
  3102 | D:3      | Reached skill level 1 in Staves
  3102 | D:3      | Reached skill level 1 in Slings
  3102 | D:3      | Reached skill level 1 in Bows
  3102 | D:3      | Reached skill level 1 in Crossbows
  3102 | D:3      | Reached skill level 1 in Stealth
  3102 | D:3      | Reached skill level 1 in Shields
  3102 | D:3      | Reached skill level 1 in Unarmed Combat
  3102 | D:3      | Reached skill level 1 in Conjurations
  3102 | D:3      | Reached skill level 1 in Hexes
  3102 | D:3      | Reached skill level 1 in Summonings
  3102 | D:3      | Reached skill level 1 in Necromancy
  3102 | D:3      | Reached skill level 1 in Transmutations
  3102 | D:3      | Reached skill level 1 in Fire Magic
  3102 | D:3      | Reached skill level 1 in Ice Magic
  3102 | D:3      | Reached skill level 1 in Air Magic
  3102 | D:3      | Reached skill level 1 in Earth Magic
  3102 | D:3      | Reached skill level 1 in Poison Magic
  3102 | D:3      | Reached skill level 1 in Evocations
  3102 | D:3      | Reached XP level 4. HP: 38/38 MP: 11/11
  3102 | D:3      | Reached XP level 5. HP: 43/43 MP: 12/12
  3127 | D:3      | Reached XP level 6. HP: 43/50 MP: 13/13
  3220 | D:3      | Found a shimmering blue altar of Sif Muna.
  3474 | D:4      | Noticed Edmund
  3891 | D:4      | Reached skill level 5 in Fighting
  3891 | D:4      | Reached skill level 5 in Polearms
  3891 | D:4      | Reached skill level 5 in Dodging
  4858 | D:5      | Entered Level 5 of the Dungeon
  4875 | D:5      | Reached XP level 7. HP: 45/56 MP: 15/15
  4954 | D:5      | Noticed Menkaure
  4962 | D:4      | Slain by Menkaure

Illustrated notes

Levels and vault maps discovered:
D:1:      minmay_arrival_nine_rooms, layout_basic
D:2:      layout_basic, hellmonk_ecumenical_altar_pennies_from_heaven,
          st_stairs_7
D:3:      layout_loops_ring, general_overflow_altar, led_sif_pool, serial_shops,
          shop, uniq_sigmund
D:4:      layout_basic, uniq_edmund
D:5:      layout_layer_cave, nicolae_ossuary_entry_giza,
          hangedman_minor_gate_pass, uniq_menkaure

Skill      XL: |  1  2  3  4  5  6  7 |
---------------+----------------------+-----
Spellcasting   | 5 |  5.6
Invocations    | 1 2 |  2.6
Short Blades   | 1 2 |  2.4
Long Blades    | 1 2 |  2.4
Axes           | 1 2 |  2.4
Maces & Flails | 1 2 |  2.4
Staves         | 1 2 |  2.4
Slings         | 1 2 |  2.4
Bows           | 1 2 |  2.4
Crossbows      | 1 2 |  2.4
Throwing       | 3 |  3.5
Armour         | 3 |  3.5
Stealth        | 1 2 |  2.4
Shields        | 1 2 |  2.4
Unarmed Combat | 1 2 |  2.4
Conjurations   | 1 2 |  2.0
Hexes          | 1 2 |  2.0
Summonings     | 1 2 |  2.0
Necromancy     | 1 2 |  2.0
Transmutations | 1 2 |  2.0
Fire Magic     | 1 2 |  2.0
Ice Magic      | 1 2 |  2.0
Air Magic      | 1 2 |  2.0
Earth Magic    | 1 2 |  2.0
Poison Magic   | 1 2 |  2.0
Evocations     | 1 2 |  2.4
Fighting       | 5 |  5.2
Polearms       | 5 |  5.2
Dodging        | 5 |  5.2
Translocations | |  5.8

Action                   |  1- 3 |  4- 6 |  7- 9 || total
-------------------------+-------+-------+-------++-------
Melee: Spear             |   135 |       |       ||   135
       Bite              |     6 |     4 |     1 ||    11
       Trident           |     9 |    85 |    17 ||   111
       Punch             |     3 |     1 |       ||     4
Throw: Boomerang         |     3 |       |       ||     3
Evoke: Wand              |     4 |       |       ||     4
  Use: Potion            |       |     2 |     1 ||     3
 Stab: Sleeping          |       |     6 |       ||     6
Armor: Leather armour    |    29 |     3 |       ||    32
       Robe              |       |    12 |     5 ||    17
Dodge: Dodged            |    53 |    34 |     6 ||    93
